 Dungeon Crawl Stone Soup version 0.21-a0-522-ga8338f0 (webtiles) character file.

8119 Nirn the Cleaver (level 11, -2/87 HPs)
             Began as a Human Gladiator on Dec 6, 2017.
             Was a Priest of Kikubaaqudgha.
             Slain by a six-headed hydra (13 damage)
             ... on level 1 of the Lair of Beasts.
             The game lasted 00:48:56 (14555 turns).

Nirn the Cleaver (Human Gladiator)                 Turns: 14555, Time: 00:48:58

Health: -2/87      AC: 14    Str: 17    XL:     11   Next: 49%
Magic:  4/11       EV: 12    Int:  9    God:    Kikubaaqudgha [***...]
Gold:   657        SH:  0    Dex: 15    Spells: 6/10 levels left

rFire    . . .     SeeInvis +   i - +1 mace (drain)
rCold    . . .     Gourm    .   (no shield)
rNeg     . . .     Faith    .   x - +0 ring mail
rPois    .         Spirit   .   e - +0 helmet
rElec    .         Reflect  .   q - +1 cloak
rCorr    .         Harm     .   R - +0 pair of gloves
MR       .....                  Q - +2 pair of boots
Stlth    +.........             (no amulet)
HPRegen  0.24/turn              y - ring of see invisible
MPRegen  0.12/turn              l - ring of wizardry

@: starving
A: no striking features
a: Receive Corpses, Renounce Religion


You were on level 1 of the Lair of Beasts.
You worshipped Kikubaaqudgha.
Kikubaaqudgha was most pleased with you.
You were starving.

You visited 2 branches of the dungeon, and saw 11 of its levels.
You also visited: Sewer.

You collected 657 gold pieces.

Inventory:

Hand Weapons
 i - a +1 mace of draining (weapon)
 m - a +1 short sword of holy wrath
 z - a +2 vampiric spear
 G - a +0 war axe of venom
Missiles
 o - 6 tomahawks of returning
 s - 3 throwing nets (quivered)
 U - 2 tomahawks
Armour
 e - a +0 helmet (worn)
 j - a +0 chain mail
 q - a +1 cloak (worn)
 x - a +0 ring mail (worn)
 Q - a +2 pair of boots (worn)
 R - a +0 pair of gloves (worn)
Magical Staves
 W - an uncursed staff of summoning
Jewellery
 h - an uncursed ring of protection from fire
 l - a ring of wizardry (right hand)
 y - a ring of see invisible (left hand)
 D - a +3 ring of strength
Wands
 w - a wand of disintegration (5)
 A - a wand of iceblast (9)
 H - a wand of digging (23)
 I - a wand of clouds (6)
 M - a wand of paralysis (10)
 O - a wand of scattershot (4)
Scrolls
 d - a scroll of magic mapping
 g - a scroll of brand weapon {unknown}
 p - a scroll of remove curse
 t - a scroll of fog
 N - a scroll of teleportation
 V - a scroll of summoning
Potions
 b - a potion of mutation {unknown}
 c - 5 potions of curing
 r - a potion of haste
 u - 2 potions of resistance
 C - 2 potions of flight
 F - 2 potions of agility
 K - a potion of cancellation {unknown}
 L - 2 potions of invisibility
 P - a potion of experience {unknown}
 S - 2 potions of might
 T - a potion of brilliance {unknown}
 X - a potion of lignification {unknown}
Books
 a - a book of Geomancy

   Spells                             Type                      Level
   a - Sandblast                      Earth                        1
   b - Passwall                       Transmutation/Earth          2
   c - Stone Arrow                    Conjuration/Earth            3
   d - Petrify                        Transmutation/Earth          4
   e - Lee's Rapid Deconstruction     Earth                        5
 n - Kikubaaqudgha's Disquisition on Stolen Souls
   (Kikubaaqudgha gifted it to you on level 4 of the Dungeon)

   Spells                             Type                      Level
   a - Animate Skeleton               Necromancy                   1
   b - Corpse Rot                     Necromancy                   2
   c - Sublimation of Blood           Necromancy                   2
   d - Vampiric Draining              Necromancy                   3
   e - Control Undead                 Necromancy                   4
 E - a book of Debilitation

   Spells                             Type                      Level
   a - Corona                         Hexes                        1
   b - Slow                           Hexes                        2
   c - Inner Flame                    Hexes/Fire                   3
   d - Portal Projectile              Hexes/Translocation          3
   e - Cause Fear                     Hexes                        4
   f - Leda's Liquefaction            Hexes/Earth                  4
 J - Kikubaaqudgha's Almanac of Evil
   (Kikubaaqudgha gifted it to you on level 5 of the Dungeon)

   Spells                             Type                      Level
   a - Animate Dead                   Necromancy                   4
   b - Agony                          Necromancy                   5
   c - Cigotuvi's Embrace             Necromancy                   5
   d - Dispel Undead                  Necromancy                   5
   e - Death Channel                  Necromancy                   6
Comestibles
 f - 8 bread rations
 k - 4 meat rations
 v - 7 fruits
 B - 12 royal jellies


   Skills:
 + Level 8.7 Fighting
 + Level 11.6 Axes
 - Level 2.0 Throwing
 + Level 5.5 Armour
 - Level 3.0 Dodging
 + Level 7.9 Necromancy


You had 6 spell levels left.
You knew the following spells:

 Your Spells              Type           Power        Failure   Level  Hunger
a - Animate Dead          Necr           N/A          11%         4    #####..


Dungeon Overview and Level Annotations

Branches:
Dungeon (10/15)            Temple (0/1) D:4            Lair (1/6) D:10
    Orc: D:9-12

Altars:
Ashenzari
Dithmenos
Elyvilon
Fedhas
Kikubaaqudgha
Nemelex Xobeh
Ru
Uskayaw

Shops:
D:4 %   D:6 (   D:10 *


Message History

There is a staircase to the Lair here.
There is a staircase to the Lair here.
There is a staircase to the Lair here.
You can't go up here!
The six-headed hydra bites you but does no damage.
The six-headed hydra bites you!
The six-headed hydra closely misses you.
The six-headed hydra bites you. The six-headed hydra bites you!
The six-headed hydra misses you.
You climb downwards.
Welcome back to the Lair of Beasts!
You are starving!
There is a staircase back to the Dungeon here.
The six-headed hydra bites you! x3
* * * LOW HITPOINT WARNING * * *
The six-headed hydra closely misses you.
The six-headed hydra bites you!
* * * LOW HITPOINT WARNING * * *
The six-headed hydra bites you!
You die...
Kikubaaqudgha rasps: "You have failed me!
Welcome... death!"

....
########.#
.......†.##
.###..††..##
######..#
#..# ##.###
###.
#...###[...#
##.@D....#
#P..<##.##
##.### #.#
#.# #.# .##
.


You could see a six-headed hydra.

Vanquished Creatures
  A two-headed ogre (D:9)
  Maurice (D:8)
  A rime drake (Lair:1)
  A hornet (D:8)
  A hippogriff (D:10)
  The ghost of Typee the Sneak, an amateur OpWz (Sewer)
  9 yaks
  A wyvern (D:8)
  A hungry ghost (D:8)
  2 soldier ants (D:8)
  Duvessa (D:7)
  3 orc warriors
  3 sky beasts
  2 ice beasts
  A black bear (D:8)
  A phantom (D:5)
  3 ogres
  A necrophage (D:9)
  2 crocodiles
  3 centaurs
  4 bullfrogs
  2 big kobolds (D:5)
  A wyvern zombie (D:10)
  Dowan (D:7)
  5 scorpions
  3 crimson imps
  A bullfrog zombie (D:10)
  3 hounds
  2 jellies
  7 orc wizards
  Crazy Yiuf (D:2)
  3 orc priests
  5 iguanas
  5 worker ants
  A hound skeleton (D:10)
  12 gnolls
  6 adders
  A river rat (D:6)
  4 shadow imps
  An adder zombie (D:8)
  An adder skeleton (D:4)
  5 worms
  2 dart slugs
  4 leopard geckos
  42 orcs
  3 ball pythons
  8 bats
  8 giant cockroaches
  33 goblins
  16 hobgoblins
  5 jackals
  A quokka (D:3)
  4 frilled lizards
  A jackal skeleton (D:8)
  16 kobolds
  2 leopard gecko skeletons
  2 quokka skeletons
  7 rats
267 creatures vanquished.

Vanquished Creatures (collateral kills)
  The ghost of 4thArraOfDagon the Severer, a journeyman HOEn of Hepliaklqana (D:10)
  A two-headed ogre (D:10)
  A centaur (D:10)
3 creatures vanquished.

Vanquished Creatures (others)
  A phantom (D:4)
  A worm (D:4)
2 creatures vanquished.

Grand Total: 272 creatures vanquished

Notes
Turn   | Place    | Note
-------+----------+-------------------------------------------
     0 | D:1      | Nirn the Human Gladiator began the quest for the Orb.
     0 | D:1      | Reached XP level 1. HP: 16/16 MP: 1/1
     6 | D:1      | Noticed a lindwurm
     6 | D:1      | Noticed an iguana
     6 | D:1      | Noticed a black bear
     7 | D:1      | Noticed a swamp drake
   105 | D:1      | Reached XP level 2. HP: 22/22 MP: 2/2
   838 | D:2      | Reached skill level 4 in Axes
   838 | D:2      | Reached XP level 3. HP: 27/27 MP: 3/3
   860 | D:2      | Found a shadowy altar of Dithmenos.
  1269 | D:2      | Found a runed door.
  1273 | D:2      | Noticed Crazy Yiuf
  1289 | D:2      | Killed Crazy Yiuf
  1289 | D:2      | Reached XP level 4. HP: 15/33 MP: 0/4
  1862 | D:3      | Reached skill level 5 in Axes
  2100 | D:3      | Found a sacrificial altar of Ru.
  2109 | D:3      | Found an ancient bone altar of Kikubaaqudgha.
  2229 | D:3      | Became a worshipper of Kikubaaqudgha
  2309 | D:3      | Reached XP level 5. HP: 20/38 MP: 5/5
  2853 | D:2      | Reached skill level 6 in Axes
  3103 | D:3      | Found a shadowy altar of Dithmenos.
  3329 | D:4      | Found a staircase to the Ecumenical Temple.
  3389 | D:4      | Found Qykh's Food Boutique.
  3433 | D:4      | Noticed a phantom
  3455 | D:4      | Killed a phantom
  3519 | D:4      | Reached * piety under Kikubaaqudgha
  3519 | D:4      | Identified Kikubaaqudgha's Disquisition on Stolen Souls (Kikubaaqudgha gifted it to you on level 4 of the Dungeon)
  3519 | D:4      | Received a gift from Kikubaaqudgha
  3545 | D:4      | Reached XP level 6. HP: 41/44 MP: 6/6
  4235 | D:4      | Reached skill level 7 in Axes
  4262 | D:4      | Found a blossoming altar of Fedhas.
  4680 | D:5      | Entered Level 5 of the Dungeon
  4688 | D:4      | Reached XP level 7. HP: 50/50 MP: 7/7
  5104 | D:5      | Reached skill level 8 in Axes
  5315 | D:5      | Reached ** piety under Kikubaaqudgha
  5500 | D:5      | Reached XP level 8. HP: 31/57 MP: 8/8
  5530 | D:5      | Reached *** piety under Kikubaaqudgha
  5530 | D:5      | Identified Kikubaaqudgha's Almanac of Evil (Kikubaaqudgha gifted it to you on level 5 of the Dungeon)
  5530 | D:5      | Received a gift from Kikubaaqudgha
  5679 | D:5      | Learned a level 4 spell: Animate Dead
  5722 | D:5      | Reached skill level 1 in Necromancy
  5823 | D:5      | Found a hide-covered altar of Uskayaw.
  5840 | D:5      | Reached skill level 9 in Axes
  6704 | D:6      | Found a glowing drain.
  6708 | Sewer    | Entered a sewer
  6755 | Sewer    | Noticed Typee's ghost (amateur OpWz)
  6790 | Sewer    | Killed Typee's ghost
  7141 | D:6      | Reached XP level 9. HP: 64/66 MP: 9/9
  7181 | D:6      | Found a sacrificial altar of Ru.
  7305 | D:6      | Found Wigocew's Antique Weapon Shoppe.
  7488 | D:6      | Reached skill level 5 in Fighting
  7939 | D:6      | Identified a scroll of acquirement
  7942 | D:6      | Got a shimmering fustibalus
  8311 | D:7      | Reached skill level 10 in Axes
  8423 | D:7      | Found a white marble altar of Elyvilon.
  8423 | D:7      | Found a sparkling altar of Nemelex Xobeh.
  8681 | D:7      | Noticed Dowan
  8682 | D:7      | Noticed Duvessa
  8699 | D:7      | Killed Duvessa
  8701 | D:7      | Reached **** piety under Kikubaaqudgha
  8706 | D:7      | Killed Dowan
  8763 | D:7      | Reached skill level 5 in Necromancy
  9409 | D:8      | Reached XP level 10. HP: 54/77 MP: 10/10
  9543 | D:8      | Reached skill level 1 in Armour
 10179 | D:8      | Noticed Maurice
 10193 | D:8      | Paralysed by Maurice for 3 turns
 10200 | D:8      | Paralysed by Maurice for 3 turns
 10226 | D:8      | Paralysed by Maurice for 5 turns
 10227 | D:8      | Killed Maurice
 11181 | D:9      | Found a shattered altar of Ashenzari.
 11404 | D:9      | Noticed a two-headed ogre
 11426 | D:9      | Killed a two-headed ogre
 11426 | D:9      | Reached skill level 11 in Axes
 11840 | D:10     | Entered Level 10 of the Dungeon
 11845 | D:10     | Noticed a two-headed ogre
 12336 | D:10     | Reached XP level 11. HP: 73/86 MP: 11/11
 12446 | D:10     | Noticed 4thArraOfDagon's ghost (journeyman HOEn)
 12800 | D:10     | Killed 4thArraOfDagon's ghost
 12877 | D:10     | Found a staircase to the Lair.
 13262 | D:10     | Found Ruah Meh's General Store.
 13299 | D:10     | Reached skill level 5 in Armour
 13795 | D:10     | Killed a two-headed ogre
 14403 | Lair:1   | Entered Level 1 of the Lair of Beasts
 14525 | Lair:1   | Noticed a six-headed hydra
 14555 | Lair:1   | Slain by a six-headed hydra

Vault maps used:
D:1:      onia_arrival_zoo_common
D:2:      nicolae_overflow_crystal_walls, uniq_crazy_yiuf_cottage
D:3:      lemuel_crystal_altar, lemuel_crystal_altar, first_bread,
          nicolae_dithmenos_shadow_blocks
D:4:      kennysheep_mini, temple_fountains, serial_shops, shop_statue,
          lemuel_flame_loot_1
D:5:      minmay_goblin_kobold_castle, basic_altar, minmay_misc_feat_tiny,
          kennysheep_minor_cross, kennysheep_cluttered_room,
          hangedman_glass_teeth
D:6:      serial_corexii_hall, corexii_hall_statues_deadend,
          corexii_hall_statues_x, gup_sewer_entry_spiral, serial_shops, shop,
          hex_medium, dk_noncrumbling_2, nicolae_ru_great_annihilating_truth
D:7:      gammafunk_temple_overflow_wave, uniq_duvessa
D:8:      hangedman_pestilent_swarm, minivault_25, uniq_maurice
D:9:      evilmike_ruin_ashenzari
D:10:     lair_entry_dummy, serial_shops, kennysheep_little_box
Sewer:    sewer_the_crocodile

Skill      XL: |  1  2  3  4  5  6  7  8  9 10 11 |
---------------+----------------------------------+-----
Axes           | 4 5 6 7 8 9 10 11 | 11.6
Fighting       | 4 6 7 8 |  8.7
Necromancy     | 3 5 7 |  7.9
Armour         | 4 5 |  5.5
Throwing       | |  2.0
Dodging        | |  3.0

Action                   |  1- 3 |  4- 6 |  7- 9 | 10-12 || total
-------------------------+-------+-------+-------+-------++-------
Melee: War axe           |    83 |   188 |   388 |   321 ||   980
       Staff             |       |       |       |    15 ||    15
Throw: Throwing net      |     3 |       |       |     4 ||     7
 Cast: Animate Dead      |       |       |       |     4 ||     4
Invok: Receive Corpses   |       |       |       |     7 ||     7
  Use: Scroll            |       |     8 |     9 |     9 ||    26
       Potion            |       |       |     1 |     2 ||     3
 Stab: Held in net/web   |     2 |       |       |       ||     2
       Paralysed         |       |       |     1 |       ||     1
  Eat: Chunk             |     1 |    11 |    14 |    16 ||    42
       Fruit             |       |       |     1 |     2 ||     3
       Meat ration       |       |       |       |     3 ||     3
Armor: Leather armour    |    25 |       |       |       ||    25
       Chain mail        |    19 |   132 |   233 |    90 ||   474
       Ring mail         |       |       |       |    76 ||    76
Dodge: Dodged            |    55 |    86 |   180 |   163 ||   484

Table legend:
 A = Spawn XP
 B = Non-spawn XP
 C = Spawn XP percentage of total XP
 D = Spawn monster count
 E = Non-spawn monster count
 F = Spawn count percentage of total count
 G = Total turns spent on level
                    A         B        C        D         E        F      G
               +---------+---------+-------+---------+---------+-------+---------
         Total |       0 |   11599 |   0.0 |       0 |     270 |   0.0 | 14555
               +---------+---------+-------+---------+---------+-------+---------
           D:1 |       0 |      22 |   0.0 |       0 |      15 |   0.0 |   753
           D:2 |       0 |      73 |   0.0 |       0 |      18 |   0.0 |  1325
           D:3 |       0 |     165 |   0.0 |       0 |      28 |   0.0 |  1437
           D:4 |       0 |     279 |   0.0 |       0 |      16 |   0.0 |  1171
           D:5 |       0 |     966 |   0.0 |       0 |      72 |   0.0 |  1733
           D:6 |       0 |     548 |   0.0 |       0 |      16 |   0.0 |  1300
           D:7 |       0 |    1404 |   0.0 |       0 |      31 |   0.0 |  1450
           D:8 |       0 |    2362 |   0.0 |       0 |      31 |   0.0 |  1792
           D:9 |       0 |    1308 |   0.0 |       0 |       8 |   0.0 |  1617
          D:10 |       0 |    3790 |   0.0 |       0 |      27 |   0.0 |  1610
        Lair:1 |       0 |     328 |   0.0 |       0 |       1 |   0.0 |   142
         Sewer |       0 |     354 |   0.0 |       0 |       7 |   0.0 |   225
               +---------+---------+-------+---------+---------+-------+---------
